 Dungeon Crawl Stone Soup version 0.31-a0-1626-g5cb510d322 (webtiles) character file.

Game seed: 8846643411059786320

5646 seren the Thaumaturge (level 11, -6/73 HPs)
             Began as a Djinni Fire Elementalist on Jan 12, 2024.
             Was a Believer of Makhleb.
             Mangled by a wyvern zombie (14 damage)
             ... on level 8 of the Dungeon.
             The game lasted 00:35:31 (8814 turns).

seren the Thaumaturge (Djinni Fire Elementalist)    Turns: 8814, Time: 00:35:32

Health: -6/73      AC:  5    Str:  7    XL:     11   Next: 3%
Gold:   479        EV: 15    Int: 21    God:    Makhleb [**....] SH:  0 Dex: 14

rFire   + + .        a - staff of cold
rCold   . . .        (no shield)
rNeg    . . .        C - +2 robe {Will+}
rPois   ∞            (no helmet)
rElec   .            c - +0 cloak
rCorr   .            (no gloves)
SInv    .            (boots unavailable)
Will    +++..        (no amulet)
Stlth   +++          w - ring of willpower
HPRegen 0.32/turn    (no ring)
MPRegen 0.00/turn

%: infuse magic (-7 HP)
@: about to teleport, flying
A: sickness immunity, fire resistance 2, cold vulnerability 1, float, innate
caster, HP casting, extra vitality 1
a: Renounce Religion, Minor Destruction


You were on level 8 of the Dungeon.
You worshipped Makhleb.
Makhleb was pleased with you.
You visited 2 branches of the dungeon, and saw 9 of its levels.

You collected 479 gold pieces.

Inventory:

Hand Weapons
 b - the +9 arbalest of Valiance {freeze, rCorr Int+2}
   (You found it on level 7 of the Dungeon)

   Int+2:     It affects your intelligence (+2).
   rCorr:     It protects you from acid and corrosion.
 j - a +1 vampiric dagger
Armour
 c - a +0 cloak (worn)
 e - the +4 ring mail of Awe {rF+ Will+ Dex+5}
   (You found it on level 5 of the Dungeon)

   Dex+5:     It affects your dexterity (+5).
   rF+:       It protects you from fire.
   Will+:     It increases your willpower.
 z - the +5 ring mail of the Hecatoncheires {Int+6}
   (You found it on level 6 of the Dungeon)

   Int+6:     It affects your intelligence (+6).
 C - a +2 robe of willpower (worn)
Magical Staves
 a - a staff of cold (weapon)
 o - a staff of earth
Jewellery
 s - a ring of fire
 w - a ring of willpower (left hand)
 A - a ring of willpower
 E - an amulet of regeneration
Wands
 l - a wand of acid (18)
 p - a wand of iceblast (1)
Scrolls
 d - a scroll of noise {unknown}
 g - a scroll of blinking {unknown}
 h - 2 scrolls of amnesia {unknown}
 m - a scroll of poison
 t - a scroll of enchant weapon {unknown}
 u - a scroll of revelation {unknown}
 x - a scroll of summoning {unknown}
 y - 2 scrolls of teleportation {!r}
 B - a scroll of enchant armour {unknown}
 D - a scroll of acquirement {unknown}
Potions
 f - a potion of haste
 i - 2 potions of attraction {unknown}
 k - 4 potions of curing
 n - a potion of might
 q - a potion of lignification {unknown}
 r - a potion of brilliance {unknown}
 v - a potion of cancellation {unknown}


   Skills:
 - Level 4.0 Fighting
 + Level 1.1 Armour
 + Level 7.9 Dodging
 - Level 5.0 Stealth
 * Level 8.0 Spellcasting
 * Level 8.0 Conjurations
 * Level 8.0 Hexes
 * Level 8.0 Summonings
 * Level 8.0 Necromancy
 * Level 8.0 Translocations
 * Level 8.0 Fire Magic
 * Level 8.0 Ice Magic
 * Level 8.0 Air Magic
 * Level 8.0 Earth Magic
 * Level 8.0 Alchemy
 + Level 4.8 Invocations
 - Level 6.0 Evocations


You knew the following spells:

 Your Spells              Type           Power      Damage    Failure   Level
a - Foxfire               Conj/Fire      100%       2x1d9     1%          1
b - Scorch                Fire           84%        2d8       1%          2
c - Volatile Blastmotes   Fire/Tloc      84%        2d17      1%          3
d - Inner Flame           Hex/Fire       42%        N/A       1%          3
e - Flame Wave            Conj/Fire      42%        2d11      2%          4
f - Kiss of Death         Conj/Necr      100%       2d13      1%          1
g - Mercury Vapours       Alch/Air       84%        N/A       1%          2
h - Hailstorm             Conj/Ice       59%        3d11      1%          3
i - Static Discharge      Conj/Air       84%        3-7/arc   1%          2
j - Summon Mana Viper     Hex/Summ       42%        N/A       8%          5
Your spell library was empty.

Dungeon Overview and Level Annotations

Branches:
Dungeon (8/15)             Temple (1/1) D:6
   Lair: D:8-11

Altars:
Ashenzari
Cheibriados
Dithmenos
Fedhas
Gozag
Hepliaklqana
Makhleb
Nemelex Xobeh
Okawaru
Qazlal
Ru
Trog
Uskayaw
Wu Jian
Xom
Yredelemnul
Zin

Shops:
D:5 (

Annotations:
D:3 1 runed translucent door, Crazy Yiuf
D:7 exclusions: Dowan and downstairs


Innate Abilities, Weirdness & Mutations

You are immune to sickness and miasma.
You are immune to poison.
Your flesh is very heat resistant. (rF++)
You are vulnerable to cold. (rC-)
You float through the air rather than walking.
You learn spells naturally, not from books.
Your magical power is your life essence.
You have superior vitality. (+4 MHP)


Message History

Casting: Scorch (safe; 1% risk of failure)
Confirm with . or Enter, or press ? or * to list all spells.
Flames lash the wyvern zombie.
The wyvern zombie is burned terribly!
The wyvern zombie is heavily damaged.
* * * LOW HITPOINT WARNING * * *
A two-headed ogre comes into view.
It is wielding a +0 giant club and a +0 giant spiked club.
The wyvern zombie bites you!
* * * LOW HITPOINT WARNING * * *
The wyvern zombie closely misses you. The wyvern zombie misses you.
The wyvern zombie attacks as it pursues you!
The wyvern zombie barely misses you.
Things that are here:
a +1 mace; a +0 ring mail The wyvern zombie closely misses you.
The wyvern zombie is no longer more vulnerable to fire.
The wyvern zombie attacks as it pursues you!
The wyvern zombie bites you.
* * * LOW HITPOINT WARNING * * *
The wyvern zombie bites you but does no damage.
The wyvern zombie attacks as it pursues you!
The wyvern zombie bites you.
* * * LOW HITPOINT WARNING * * *
The wyvern zombie attacks as it pursues you!
The wyvern zombie completely misses you.
The wyvern zombie misses you.
The wyvern zombie attacks as it pursues you!
The wyvern zombie misses you.
The wyvern zombie attacks as it pursues you!
The wyvern zombie bites you.
* * * LOW HITPOINT WARNING * * *
As you read the scroll of teleportation {!r}, it crumbles to dust.
You feel strangely unstable. The wyvern zombie bites you!
* * * LOW HITPOINT WARNING * * *
The wyvern zombie bites you but does no damage.
The wyvern zombie attacks as it pursues you!
The wyvern zombie bites you!
* * * LOW HITPOINT WARNING * * *
You feel better. The wyvern zombie bites you!
You die...

#Z##.## ##.......###........
#####.#...####.........####...##)
.............'.........'.......#.
#.###.Z...####.........####......
#.# #.....# ##.......## ##..###
#.###.....# ##.....## ##.#
#.#.......## ##...## #.
#)#.#......#######'##
.:....(.........@..#
#######...#######Z.# # ♣...♣
#..####### # .♣♣♣.. #........# #
.. ..♣ #O...###.# # ♣.. ..♣
#...## # .♣♣ ♣♣. #..## # ## ##
#..# # #..#


You could see a two-headed ogre and a wyvern zombie.

Vanquished Creatures
  A hydra (D:8)
  2 unseen horror skeletons (D:8)
  A hornet (D:8)
  A vampire (D:8)
  7 yaks (D:8)
  Menkaure (D:4)
  Duvessa (D:7)
  A water moccasin (D:8)
  2 black bears
  An ice beast (D:8)
  2 orc warriors
  5 sky beasts
  2 ogres
  2 centaurs
  3 kobold brigands (D:8)
  A bullfrog (D:7)
  2 scorpions
  2 wights (D:8)
  Dowan (D:7)
  4 killer bees (D:7)
  A howler monkey (D:4)
  2 hounds
  2 jellies
  A bombardier beetle (D:4)
  An orc priest (D:6)
  A gnoll bouda (D:6)
  3 sleepcaps
  3 iguanas (D:5)
  3 orc wizards
  3 killer bee zombies (D:8)
  An ogre zombie (D:8)
  A mummy (D:8)
  9 gnolls
  13 adders
  A river rat (D:4)
  2 white imps
  A ribbon worm (D:2)
  2 dart slugs
  25 orcs
  2 endoplasms
  20 giant cockroaches
  7 goblins
  4 hobgoblins (D:2)
  5 quokkas
  5 ball pythons
  A bat (D:1)
  A frilled lizard (D:1)
  9 kobolds
  2 rats (D:4)
173 creatures vanquished.

Vanquished Creatures (others)
  448 foxfires
448 creatures vanquished.

Grand Total: 621 creatures vanquished

Notes
Turn   | Place    | Note
-------+----------+-------------------------------------------
     0 | D:1      | seren the Djinni Fire Elementalist began the quest for the
                  | Orb.
     0 | D:1      | seren set off with the following spells memorised: Foxfire,
                  | Scorch, Volatile Blastmotes, Inner Flame, Flame Wave.
     0 | D:1      | Reached XP level 1. HP: 15/15 MP: 0/0
   229 | D:1      | Reached XP level 2. HP: 19/21 MP: 0/0
   659 | D:2      | Reached XP level 3. HP: 23/25 MP: 0/0
   659 | D:2      | Learned a level 1 spell: Kiss of Death
  1046 | D:2      | Reached XP level 4. HP: 30/31 MP: 0/0
  1496 | D:3      | Found a snail-covered altar of Cheibriados.
  1496 | D:3      | Found a bloodstained altar of Trog.
  1644 | D:3      | Found a runed translucent door.
  1645 | D:3      | Noticed Crazy Yiuf
  1900 | D:4      | Reached skill level 1 in Fighting
  1900 | D:4      | Reached XP level 5. HP: 20/37 MP: 0/0
  1900 | D:4      | Learned a level 2 spell: Mercury Vapours
  1903 | D:4      | Noticed an ogre
  2195 | D:3      | Reached XP level 6. HP: 40/42 MP: 0/0
  2549 | D:4      | Noticed Menkaure
  2562 | D:4      | Killed Menkaure
  2563 | D:4      | Reached XP level 7. HP: 37/49 MP: 0/0
  2563 | D:4      | Learned a level 2 spell: Static Discharge
  2867 | D:4      | Reached skill level 1 in Evocations
  3336 | D:5      | Entered Level 5 of the Dungeon
  3339 | D:5      | Identified the +4 ring mail of Awe {rF+ Will+ Dex+5}
  3408 | D:5      | Found Ligrary's Antique Weapon Shop.
  3556 | D:5      | Reached skill level 5 in Spellcasting
  3556 | D:5      | Reached skill level 5 in Conjurations
  3556 | D:5      | Reached skill level 5 in Hexes
  3556 | D:5      | Reached skill level 5 in Summonings
  3556 | D:5      | Reached skill level 5 in Necromancy
  3556 | D:5      | Reached skill level 5 in Translocations
  3556 | D:5      | Reached skill level 5 in Fire Magic
  3556 | D:5      | Reached skill level 5 in Ice Magic
  3556 | D:5      | Reached skill level 5 in Air Magic
  3556 | D:5      | Reached skill level 5 in Earth Magic
  3556 | D:5      | Reached skill level 5 in Alchemy
  3556 | D:5      | Reached XP level 8. HP: 49/54 MP: 0/0
  3615 | D:5      | HP: 2/54 [sleepcap (8)]
  3623 | D:5      | Reached skill level 5 in Dodging
  4389 | D:6      | Found a staircase to the Ecumenical Temple.
  4400 | Temple   | Entered the Ecumenical Temple
  4412 | Temple   | Became a worshipper of Makhleb the Destroyer
  4700 | D:6      | Found an opulent altar of Gozag.
  4718 | D:6      | Identified the +5 ring mail of the Hecatoncheires {Int+6}
  5034 | D:6      | Reached XP level 9. HP: 29/59 MP: 0/0
  5034 | D:6      | Learned a level 3 spell: Hailstorm
  5632 | D:7      | Reached skill level 1 in Invocations
  5691 | D:7      | Noticed Dowan
  5828 | D:7      | Reached * piety under Makhleb
  5954 | D:7      | Noticed Duvessa
  6033 | D:7      | Identified the +9 arbalest of Valiance {freeze, rCorr
                  | Int+2}
  6211 | D:7      | Reached skill level 5 in Stealth
  6376 | D:7      | Killed Duvessa
  6383 | D:7      | Killed Dowan
  6765 | D:8      | Reached XP level 10. HP: 49/67 MP: 0/0
  7394 | D:8      | Reached skill level 5 in Evocations
  7562 | D:8      | Noticed a seven-headed hydra
  7841 | D:8      | Killed a seven-headed hydra
  8793 | D:8      | Reached ** piety under Makhleb
  8794 | D:8      | Reached skill level 1 in Armour
  8794 | D:8      | Reached XP level 11. HP: 48/73 MP: 0/0
  8794 | D:8      | Learned a level 5 spell: Summon Mana Viper
  8794 | D:8      | Noticed a two-headed ogre
  8813 | D:8      | HP: 3/73 [wyvern zombie (14)]
  8814 | D:8      | Mangled by a wyvern zombie

Illustrated notes

Levels and vault maps discovered:
D:1:      nzn_arrival_depleted_hourglass, layout_rooms
D:2:      layout_basic
D:3:      minmay_roachtagon, layout_loops_ring,
          chequers_temple_overflow_statue_of_worship, uniq_crazy_yiuf_cottage
D:4:      minmay_razor_zed, layout_cave_pools, gup_sewer_entry_bubbles,
          uniq_menkaure
D:5:      layout_loops_ring, serial_shops, shop
D:6:      kennysheep_spiral_hall, layout_loops_ring,
          nicolae_gozag_cash_rules_everything_around_me,
          minmay_temple_entry_mini_moons
D:7:      layout_basic, uniq_duvessa
D:8:      nzn_winding_woodlands_small [nzn_winding_woodlands_5x15_lazy_stream,
          nzn_winding_woodlands_center_pierced_h,
          nzn_winding_woodlands_5x15_zeroes], layout_loops_corners,
          lemuel_mausoleum_altar_kikubaaqudgha, minmay_mini_ossuary
Temple:   eino_temple_rhombus

Skill      XL: |  1  2  3  4  5  6  7  8  9 10 |
---------------+-------------------------------+-----
Stealth        | 2 3 4 5 |  5.0
Dodging        | 3 4 5 6 7 |  7.9
Fighting       | 1 2 4 |  4.0
Spellcasting   | 4 5 6 8 |  8.0
Conjurations   | 4 5 6 8 |  8.0
Hexes          | 4 5 6 8 |  8.0
Summonings     | 4 5 6 8 |  8.0
Necromancy     | 4 5 6 8 |  8.0
Translocations | 4 5 6 8 |  8.0
Fire Magic     | 4 5 6 8 |  8.0
Ice Magic      | 4 5 6 8 |  8.0
Air Magic      | 4 5 6 8 |  8.0
Earth Magic    | 4 5 6 8 |  8.0
Alchemy        | 4 5 6 8 |  8.0
Evocations     | 1 3 4 6 |  6.0
Invocations    | 2 4 |  4.8
Armour         | 1 |  1.1

Action                     |  1- 3 |  4- 6 |  7- 9 | 10-12 || total
---------------------------+-------+-------+-------+-------++-------
  Melee: Dagger            |     4 |     6 |     4 |       ||    14
         Staff             |       |       |       |     1 ||     1
   Cast: Foxfire           |    43 |    66 |   134 |    27 ||   270
         Scorch            |       |     7 |    76 |    57 ||   140
         Volatile Blastmot |       |       |     4 |     2 ||     6
         Hailstorm         |       |       |     7 |     2 ||     9
         Flame Wave        |       |       |       |     2 ||     2
  Evoke: Wand              |       |       |       |     4 ||     4
    Use: Scroll            |       |       |     7 |     2 ||     9
         Potion            |       |       |     3 |     3 ||     6
 Armour: Robe              |    13 |    22 |    46 |    77 ||   158
  Dodge: Dodged            |    19 |    22 |    44 |    78 ||   163

Table legend: (Time is in decaauts)
 A = Elapsed time spent in this place.
 B = Non-inter-level travel time spent in this place.
 C = Inter-level travel time spent in this place.
 D = Time resting spent in this place.
 E = Time spent auto-exploring this place.
 F = Levels seen in this place.
 G = Mean time per level.
                   A        B        C        D        E       F      G
               +--------+--------+--------+--------+--------+-----+--------+
         Total |   8809 |   8210 |    599 |   1723 |   3974 |   9 |  978.8 |
       Dungeon |   8786 |   8196 |    590 |   1723 |   3974 |   8 | 1098.2 |
        Temple |     22 |     13 |      9 |      0 |      0 |   1 |   22.0 |
               +--------+--------+--------+--------+--------+-----+--------+

Top non-repeatable levels by time:
     D:8: 2152 daAuts
     D:6: 1272 daAuts
     D:4: 1044 daAuts
     D:7: 1020 daAuts
     D:5: 1006 daAuts
     D:3: 959 daAuts
     D:2: 724 daAuts
     D:1: 605 daAuts
  Temple: 22 daAuts
